Map: Selva profunda EE

Players

kaotan

  • Race: Zerg Zerg
  • Spawn Location: 7:00

KingPhoenix

  • Race: Zerg Zerg
  • Spawn Location: 7:00

DrexBanner

  • Race: Terran Terran
  • Spawn Location: 7:00

TATORREA

  • Race: Protoss Protoss
  • League: Silver
  • Spawn Location: 3:00

tigro

  • Race: Terran Terran
  • League: Bronze
  • Spawn Location: 1:00

MrFercho

  • Race: Zerg Zerg
  • League: Silver
  • Spawn Location: 1:00

VOD

Have the link to the VOD?

Description

Time

  • Played on: June 4, 2020, 8:50 p.m.
  • Length: 16:40
Show
View Real Time Build Order
Export as new Build Order

kaotan Zerg 

Build Orders: Hatch First 

Get SALT Encoding   

  12  0:01  Drone  
  13  0:12  Overlord  
  13  0:17  Drone  
  14  0:22  Extractor  
  13  0:28  Drone  
  13  0:31  Drone  
  15  0:36  Drone  
  16  1:00  Hatchery  
  16  1:02  Drone  
  16  1:19  Spawning Pool  
  16  1:22  Drone  
  16  1:27  Drone  
  16  1:31  Drone  
  18  1:36  Drone  
  19  1:43  Extractor  
  19  1:44  Drone  
  19  1:54  Drone  
  20  2:06  Metabolic Boost  
  22  2:17  Lair  
  22  2:19  Queen  
  22  2:21  Drone  
  22  2:22  Drone  
  24  2:29  Drone  
  26  2:30  Drone  
  26  2:38  Drone x2  
  28  2:50  Overlord  
  28  2:56  Overlord  
  28  2:59  Extractor  
  28  3:01  Drone  
  28  3:08  Drone x2  
  30  3:15  Zergling x4  
  30  3:18  Zergling x2, Hydralisk Den  
  32  3:20  Drone  
  33  3:27  Queen  
  33  3:30  Drone  
  33  3:31  Drone  
  37  3:44  Zergling x4  
  39  3:49  Hydralisk, Grooved Spines  
  39  3:57  Zergling x6  
  42  4:03  Zergling x4  
  42  4:09  Spine Crawler  
  43  4:11  Spine Crawler  
  43  4:14  Drone  
  43  4:15  Drone  
  44  4:31  Overlord  
  44  4:33  Overlord  
  40  4:46  Hydralisk x2  
  40  4:50  Hydralisk x3  
  50  4:55  Overlord  
  50  5:00  Hydralisk  
  52  5:09  Hydralisk  
  52  5:10  Hydralisk  
  55  5:27  Hydralisk x2  
  55  5:28  Hydralisk  
  48  5:38  Hydralisk x2  
  52  5:43  Hydralisk  
  52  5:47  Hydralisk  
  54  5:51  Hydralisk  
  54  6:10  Hydralisk x3  
  58  6:18  Hydralisk x2  
  58  6:26  Hydralisk  
  60  6:38  Hydralisk x3  
  60  6:43  Drone  
  61  6:49  Hydralisk  
  61  6:51  Hydralisk  
  65  7:01  Evolution Chamber  
  65  7:02  Drone x2  
  65  7:06  Evolution Chamber  
  65  7:07  Drone  
  60  7:30  Hydralisk x2  
  60  7:31  Hydralisk x2  
  60  7:35  Hydralisk  
  66  7:38  Drone  
  66  7:41  Hydralisk  
  63  7:46  Hydralisk  
  59  7:56  Hydralisk  
  59  7:58  Drone x2  
  63  8:04  Drone x2  
  65  8:09  Spore Crawler  
  65  8:10  Extractor  
  65  8:12  Drone  
  64  8:13  Drone  
  65  8:20  Drone  
  66  8:28  Drone  
  67  8:34  Queen  
  67  8:35  Spore Crawler  
  67  8:36  Spore Crawler  
  67  8:38  Spore Crawler  
  66  8:43  Drone, Spore Crawler  
  66  8:45  Drone  
  67  8:50  Drone  
  67  8:54  Overlord  
  68  9:10  Overlord, Spore Crawler  
  68  9:14  Zerg Missile Weapons Level 1  
  68  9:15  Spore Crawler  
  68  9:16  Drone  
  67  9:19  Spore Crawler  
  66  9:36  Hatchery  
  65  9:38  Overlord  
  65  9:44  Hydralisk  
  67  9:51  Muscular Augments  
  67  9:56  Zerg Ground Armor Level 1  
  67  10:03  Hydralisk  
  67  10:05  Hydralisk  
  71  10:11  Drone x2  
  73  10:17  Hydralisk  
  73  10:20  Drone  
  76  10:23  Hydralisk  
  78  10:29  Drone  
  78  10:30  Drone  
  78  10:34  Drone x2  
  82  10:38  Drone  
  83  10:48  Nydus Network  
  83  10:49  Drone x2  
  84  10:51  Drone  
  85  10:58  Drone  
  85  10:59  Drone  
  85  11:00  Drone x2  
  89  11:04  Spore Crawler  
  88  11:14  Spore Crawler  
  88  11:15  Drone  
  88  11:18  Drone  
  89  11:19  Drone  
  90  11:27  Drone, Spore Crawler  
  90  11:29  Drone x2, Spore Crawler x2  
  90  11:31  Overlord  
  90  11:47  Overlord x2  
  90  11:52  Drone x6  
  96  11:56  Extractor  
  96  11:57  Drone  
  96  11:58  Hydralisk  
  96  11:59  Extractor  
  97  12:11  Drone x3  
  97  12:12  Drone  
  101  12:25  Drone  
  102  12:34  Spine Crawler  
  102  12:36  Spore Crawler  
  100  12:37  Spine Crawler, Spore Crawler  
  100  12:39  Zerg Missile Weapons Level 2, Spore Crawler  
  100  12:42  Zerg Ground Armor Level 2  
  97  12:45  Hydralisk x3  
  103  12:59  Hydralisk x5  
  113  13:12  Overlord x2  
  113  13:18  Overlord x2  
  113  13:20  Drone  
  114  13:38  Nydus Canal  
  114  13:42  Hydralisk x2  
  114  13:43  Hydralisk x7  
  132  13:52  Queen  
  132  13:54  Drone  
  135  14:04  Hydralisk x4  
  143  14:30  Nydus Canal  
  143  15:01  Hydralisk x2  
  139  15:09  Hydralisk x4  
  139  15:11  Hydralisk  
  143  15:27  Hydralisk x3  
  143  15:28  Hydralisk  
  145  15:35  Hydralisk x5  
  141  15:40  Hydralisk  
  143  15:46  Hydralisk  
  143  15:47  Overlord  
Show
View Real Time Build Order
Export as new Build Order

KingPhoenix Zerg 

Build Orders: Pool First 

Get SALT Encoding   

  12  0:08  Drone  
  13  0:25  Overlord  
  13  0:28  Drone  
  14  0:44  Drone  
  14  0:46  Drone  
  16  0:58  Spawning Pool  
  16  1:00  Drone  
  16  1:06  Extractor  
  15  1:17  Drone  
  16  1:18  Drone  
  17  1:34  Drone x2  
  19  1:42  Drone  
  20  1:55  Evolution Chamber  
  20  1:59  Zergling x2  
  20  2:16  Queen  
  22  2:50  Spine Crawler  
  21  2:58  Spine Crawler  
  20  3:00  Zergling x4  
  22  3:50  Spine Crawler  
  19  4:12  Spine Crawler  
  19  4:15  Zergling x2  
  19  4:16  Zergling x4  
  20  5:08  Zergling x2  
  20  5:12  Overlord x2  
  20  5:38  Zergling x4  
  21  6:03  Spine Crawler  
  18  6:14  Drone x2  
  18  6:15  Drone  
  21  6:48  Drone x2  
  23  6:56  Spawning Pool  
  22  7:13  Overlord  
  22  7:14  Overlord  
  22  7:19  Overlord  
  22  7:37  Drone  
  22  7:38  Drone  
  24  7:50  Zergling x2  
  25  8:14  Zergling x2  
  25  8:15  Zergling x2  
  27  9:00  Overlord  
  27  9:01  Overlord  
  27  9:32  Drone x2  
  27  9:33  Drone  
  30  10:24  Hatchery  
  29  11:34  Metabolic Boost  
  29  12:16  Hatchery  
  28  12:34  Drone x3  
  31  12:40  Lair  
  31  13:04  Extractor  
  30  13:44  Evolution Chamber  
  29  13:52  Roach Warren  
  29  13:55  Baneling Nest  
  26  14:20  Hydralisk Den  
  25  14:36  Spine Crawler  
  24  14:47  Zergling x2  
  24  14:48  Zergling x4  
  27  14:58  Drone x3  
  30  15:16  Drone  
  30  15:19  Hydralisk x2  
  35  15:56  Hydralisk x3  
  41  16:27  Spine Crawler  
  41  16:31  Spine Crawler  
Show
View Real Time Build Order
Export as new Build Order

DrexBanner Terran 

Build Orders:  

Get SALT Encoding   

  12  0:02  SCV  
  13  0:18  SCV  
  13  0:21  Supply Depot  
  14  0:30  SCV  
  15  0:44  Barracks  
  15  0:47  SCV  
  16  0:52  Refinery  
  16  0:59  SCV  
  17  1:11  SCV  
  18  1:23  SCV  
  19  1:27  Refinery  
  19  1:31  Supply Depot  
  19  1:33  Marine  
  19  1:36  SCV  
  21  1:48  SCV  
  21  1:51  Marine  
  23  1:57  Factory  
  23  2:00  SCV  
  24  2:17  Barracks Reactor  
  24  2:21  SCV  
  25  2:42  Orbital Command  
  25  2:46  Widow Mine  
  27  2:57  Marine x2  
  28  3:10  Starport  
  27  3:20  Widow Mine  
  29  3:43  Widow Mine  
  31  3:57  Starport  
  31  4:04  Supply Depot  
  31  4:09  Fusion Core  
  31  4:12  Starport Tech Lab  
  31  4:25  Marine x2  
  31  4:36  Banshee  
  23  5:31  Banshee  
  23  5:51  SCV  
  24  6:03  SCV  
  25  6:14  Banshee  
  28  6:45  Marine x2  
  30  6:48  Factory Tech Lab  
  30  6:57  Battlecruiser  
  36  7:02  Marine  
  36  7:03  Marine, Refinery  
  38  7:20  Marine  
  32  7:47  Siege Tank  
  35  7:53  SCV  
  36  8:05  SCV  
  36  8:12  Command Center  
  37  8:18  SCV  
  38  9:23  Siege Tank  
  41  9:25  Starport Tech Lab  
  41  9:29  Marine x2  
  43  9:34  SCV  
  44  9:41  Refinery  
  44  9:46  SCV  
  44  9:47  Marine x2  
  47  9:55  Siege Tank  
  47  9:58  SCV  
  51  10:04  Marine  
  51  10:05  Marine  
  53  10:10  SCV  
  54  10:27  Marine, Battlecruiser, SCV  
  62  10:31  Supply Depot  
  62  10:41  SCV  
  62  10:42  SCV  
  64  10:53  SCV  
  64  10:54  Engineering Bay, SCV  
  66  11:04  Supply Depot  
  66  11:05  SCV  
  66  11:06  SCV  
  68  11:17  SCV  
  69  11:18  SCV  
  70  11:28  Supply Depot  
  70  11:29  SCV  
  70  11:30  Missile Turret  
  70  11:31  SCV  
  72  11:49  Missile Turret  
  72  12:05  Battlecruiser  
  72  12:07  Marine x2  
  80  12:09  Missile Turret  
  80  12:12  Planetary Fortress  
  80  12:21  Refinery  
  80  12:25  Marine x2  
  80  12:26  SCV  
  80  12:27  Missile Turret  
  83  12:38  SCV  
  83  12:43  Marine x2  
  86  12:47  Missile Turret  
  86  12:48  Siege Tank  
  86  12:50  SCV  
  90  13:05  Missile Turret  
  90  13:20  Siege Tank  
  87  13:52  Siege Tank  
  90  14:24  Siege Tank  
  90  14:26  Weapon Refit  
  93  15:10  Siege Tank  
Show
View Real Time Build Order
Export as new Build Order

TATORREA Protoss 

Build Orders: Cannon Rush 

Get SALT Encoding   

  12  0:01  Probe  
  13  0:16  Pylon  
  13  0:18  Probe (Chrono Boost)  
  15  0:29  Probe (Chrono Boost)  
  15  0:38  Forge  
  15  0:43  Probe  
  16  0:54  Gateway  
  16  0:56  Probe  
  17  1:09  Assimilator  
  17  1:16  Probe  
  18  1:34  Pylon  
  18  1:42  Probe  
  19  1:52  Pylon  
  19  1:55  Photon Cannon  
  19  1:56  Photon Cannon  
  19  1:58  Photon Cannon  
  19  2:13  Photon Cannon  
  19  2:15  Photon Cannon  
  19  2:18  Pylon  
  19  2:23  Pylon  
  19  2:40  Photon Cannon  
  19  2:42  Photon Cannon  
  19  2:57  Photon Cannon  
  19  3:04  Pylon  
  19  3:07  Pylon  
  19  3:22  Photon Cannon  
  19  3:24  Photon Cannon  
  19  3:29  Photon Cannon  
  19  4:01  Photon Cannon  
  19  4:03  Pylon  
  19  4:05  Pylon  
  19  4:07  Pylon  
  19  4:29  Photon Cannon  
  19  4:30  Photon Cannon  
  19  4:33  Photon Cannon  
  19  4:36  Photon Cannon  
  19  4:47  Photon Cannon  
  19  4:55  Pylon  
  19  5:01  Pylon  
  19  5:22  Photon Cannon  
  19  5:23  Photon Cannon  
  19  5:26  Photon Cannon  
  19  5:30  Photon Cannon  
  19  5:44  Photon Cannon  
  19  5:48  Photon Cannon  
  19  5:59  Photon Cannon  
  19  6:08  Photon Cannon  
  19  6:28  Photon Cannon  
  19  6:43  Pylon  
  19  6:51  Pylon  
  18  7:12  Assimilator  
  18  7:13  Probe  
  19  7:21  Cybernetics Core  
  19  7:25  Probe  
  20  7:37  Probe  
  21  7:49  Probe  
  22  8:04  Pylon  
  22  8:08  Pylon  
  22  8:26  Nexus  
  22  8:32  Warp Gate  
  22  8:33  Protoss Ground Weapons Level 1  
  22  8:35  Zealot  
  23  9:04  Pylon x2  
  23  9:24  Gateway  
  23  9:27  Gateway  
  23  9:30  Gateway, Probe  
  23  9:31  Gateway  
  24  9:42  Probe  
  25  9:48  Pylon  
  25  9:54  Probe  
  26  10:00  Probe  
  26  10:07  Probe  
  28  10:12  Probe  
  29  10:19  Pylon, Probe  
  30  10:24  Assimilator  
  30  10:25  Probe  
  30  10:28  Assimilator  
  31  10:31  Probe  
  32  10:37  Probe  
  33  10:44  Twilight Council  
  33  10:49  Stargate  
  33  10:51  Stargate  
  33  10:52  Probe x2  
  35  11:15  Probe x2  
  37  11:22  Stalker x2  
  41  11:25  Nexus  
  41  11:28  Protoss Ground Weapons Level 2 (Chrono Boost)  
  41  11:30  Protoss Air Weapons Level 1  
  41  11:34  Probe  
  41  11:37  Probe  
  43  11:54  Charge  
  43  11:55  Probe x2  
  43  12:01  Void Ray x2  
  53  12:22  Probe x2  
  55  12:29  Pylon  
  55  12:31  Pylon  
  55  12:35  Pylon  
  55  12:43  Fleet Beacon, Probe x2  
  55  12:44  Probe  
  58  12:49  Void Ray  
  62  12:59  Void Ray  
  62  13:01  Probe  
  62  13:02  Probe  
  62  13:04  Probe  
  69  13:14  Assimilator  
  69  13:16  Probe  
  69  13:17  Probe  
  69  13:18  Assimilator, Probe  
  72  13:22  Templar Archives  
  72  13:25  Stalker x2  
  76  13:29  Zealot  
  76  13:33  Probe x2  
  76  13:34  Probe  
  81  13:46  Probe x2  
  83  13:51  Void Ray x2  
  91  13:59  Robotics Facility  
  91  14:00  Psionic Storm  
  91  14:33  Nexus  
  91  14:42  Void Ray  
  91  14:43  Void Ray  
  99  14:46  High Templar  
  99  14:47  High Templar  
  99  14:49  High Templar  
  78  15:03  Pylon  
  78  15:05  Pylon  
  77  15:08  Pylon  
  53  15:25  Oracle  
  56  15:33  Zealot  
  56  15:34  Zealot  
  56  15:35  Zealot  
Show
View Real Time Build Order
Export as new Build Order

tigro Terran 

Build Orders:  

Get SALT Encoding   

  12  0:03  SCV  
  13  0:15  SCV  
  14  0:23  Supply Depot  
  14  0:27  SCV  
  15  0:36  Refinery  
  15  0:45  SCV  
  16  0:52  Barracks  
  16  0:57  SCV  
  17  1:09  SCV, Refinery  
  18  1:23  SCV  
  19  1:34  Supply Depot  
  19  1:35  SCV  
  20  1:41  Marine  
  21  1:57  Barracks  
  21  1:59  Marine  
  22  2:12  Engineering Bay  
  22  2:13  SCV  
  23  2:17  Marine  
  24  2:25  SCV  
  25  2:35  Marine  
  26  2:37  SCV  
  27  2:47  Barracks Tech Lab  
  27  2:53  Marine  
  28  3:07  Orbital Command  
  28  3:27  Factory  
  28  3:30  Barracks Tech Lab  
  28  3:31  Combat Shield  
  28  3:43  Marine  
  28  3:48  Terran Infantry Weapons Level 1  
  29  3:52  Stimpack  
  29  4:01  Marine  
  30  4:30  Command Center  
  30  4:40  Factory Tech Lab  
  30  4:46  SCV  
  30  4:50  Concussive Shells  
  31  5:04  Starport  
  31  5:42  Terran Infantry Armor Level 1  
  31  5:52  SCV  
  32  6:01  Refinery  
  32  6:05  SCV  
  33  6:17  SCV  
  34  6:28  Medivac  
  34  6:29  SCV  
  37  6:37  Fusion Core  
  37  6:41  SCV  
  37  6:45  Siege Tank  
  41  6:58  Medivac  
  43  7:05  Planetary Fortress  
  43  7:13  Refinery  
  43  7:17  Siege Tank  
  46  7:27  Armory  
  46  7:29  Starport Tech Lab  
  46  7:31  Weapon Refit  
  46  7:36  Neosteel Armor  
  46  8:28  Battlecruiser  
  43  9:04  Marine x2  
  45  9:11  Rapid Reignition System  
  45  9:16  Hi-Sec Auto Tracking  
  45  9:22  Marine x2  
  45  9:33  Battlecruiser  
  51  9:39  Marine  
  51  9:40  Marine  
  51  9:41  SCV  
  54  9:53  SCV  
  54  9:57  Marine x2  
  54  9:58  Terran Vehicle Weapons Level 1  
  57  10:05  SCV  
  58  10:13  Terran Infantry Weapons Level 2  
  58  10:15  Marine x2  
  58  10:17  SCV  
  61  10:29  SCV  
  62  10:48  Supply Depot  
  62  11:09  Thor, Marine x2  
  62  11:10  Supply Depot  
  70  11:28  Missile Turret  
  70  11:32  Viking, Marine x2  
  74  11:49  Marine x2  
  74  11:51  Missile Turret  
  74  11:52  Terran Vehicle And Ship Armor Level 1  
  76  12:07  Marine x2  
  78  12:15  Missile Turret  
  78  12:24  Starport  
  78  12:25  Marine x2  
  78  12:26  Battlecruiser  
  78  12:27  Thor  
  78  12:29  Terran Infantry Armor Level 2  
  92  12:44  Missile Turret  
  92  12:57  Supply Depot  
  92  13:04  Missile Turret  
  92  13:20  Supply Depot  
  92  13:27  Missile Turret  
  92  13:31  Command Center  
  92  13:47  Terran Ship Weapons Level 1  
  92  13:58  Missile Turret  
  92  14:01  Starport Tech Lab  
  92  14:05  Battlecruiser  
  98  14:28  Missile Turret  
  98  14:35  Refinery  
  98  14:47  Missile Turret  
  80  15:07  Missile Turret  
  80  15:09  Battlecruiser  
  76  15:27  Missile Turret  
  62  15:32  Marine  
  62  15:33  Marine  
  46  15:47  Missile Turret  
  46  15:50  Marine  
  44  16:11  Missile Turret  
  38  16:21  Starport Tech Lab  
  38  16:38  Missile Turret  
Show
View Real Time Build Order
Export as new Build Order

MrFercho Zerg 

Build Orders: Pool First 

Get SALT Encoding   

  12  0:01  Drone  
  13  0:10  Drone  
  14  0:30  Extractor x2  
  14  0:31  Drone x2  
  16  0:44  Spawning Pool  
  15  1:02  Overlord  
  15  1:17  Extractor  
  14  1:21  Hatchery  
  14  1:24  Drone x3  
  16  1:30  Queen  
  18  1:44  Extractor  
  18  1:46  Drone x2  
  19  2:12  Drone x2  
  21  2:17  Metabolic Boost  
  21  2:21  Zergling x2  
  22  2:31  Overlord  
  22  2:55  Zergling x2  
  22  2:56  Zergling x4  
  25  3:07  Evolution Chamber  
  25  3:09  Drone x2  
  26  3:13  Drone x3  
  26  3:14  Queen  
  31  3:40  Zergling x10  
  36  3:43  Overlord  
  30  4:40  Lair  
  29  4:49  Zerg Ground Armor Level 1  
  28  4:56  Drone x3  
  31  5:03  Drone x3  
  34  5:27  Drone x2  
  36  5:30  Drone x3  
  39  5:50  Infestation Pit  
  39  5:54  Pneumatized Carapace  
  39  5:55  Spire  
  37  6:01  Spire  
  37  6:02  Drone x3  
  38  6:53  Infestor  
  43  7:01  Burrow  
  43  7:10  Overlord x2  
  43  7:11  Overlord x2  
  43  7:52  Mutalisk x4  
  43  7:55  Mutalisk x2  
  55  8:04  Extractor  
  54  8:07  Extractor  
  46  8:31  Spore Crawler  
  41  8:35  Spore Crawler  
  40  8:48  Mutalisk x2  
  44  9:25  Mutalisk x2  
  44  9:30  Drone x5  
  53  9:42  Hive  
  53  9:59  Drone  
  54  10:00  Drone x5  
  59  10:15  Zerg Flyer Armor Level 1, Zerg Flyer Weapons Level 1  
  59  10:43  Overseer  
  59  11:10  Drone  
  59  11:11  Drone x6  
  63  11:12  Drone x2  
  68  11:42  Hatchery  
  68  11:44  Extractor  
  66  11:48  Extractor  
  63  12:05  Neural Parasite  
  63  12:38  Corruptor x5  
  63  12:39  Corruptor  
  71  13:02  Drone  
  68  14:00  Drone x3  
  68  14:02  Queen  
  73  14:06  Mutalisk x4  
  81  14:17  Zerg Flyer Weapons Level 2, Zerg Flyer Armor Level 2  
  81  14:27  Drone  
  54  15:40  Mutalisk x10  
Tags
 
Add a new tag
Caveats
  • Supply blocks, unpowered buildings, or Contaminate may cause inaccurate times.
  • Supply counts are checked every 10 seconds.